 Dungeon Crawl Stone Soup version 0.31-a0-1074-g0b22e4e0f1 (webtiles) character file.

Game seed: 8563684946258438162

812 Lobster4 the Chiller (level 8, -2/56 HPs)
             Began as a Human Ice Elementalist on Dec 2, 2023.
             Was an Initiate of Nemelex Xobeh.
             Slain by an ogre
             ... wielding a +0 giant club
              (15 damage)
             ... on level 6 of the Dungeon.
             The game lasted 00:15:37 (5002 turns).

Lobster4 the Chiller (Human Ice Elementalist)       Turns: 5002, Time: 00:15:38

Health: -2/56      AC:  9    Str:  8    XL:     8   Next: 15%
Magic:  6/14       EV: 11    Int: 19    God:    Nemelex Xobeh [......]
Gold:   251        SH:  0    Dex: 13    Spells: 8/15 levels left

rFire   . . .        a - +0 long sword (elec)
rCold   . . .        o - orb {light}
rNeg    . . .        i - +0 leather armour
rPois   .            (no helmet)
rElec   .            (no cloak)
rCorr   .            x - +0 pair of gloves
SInv    .            (no boots)
Will    .....        (no amulet)
Stlth   +            (no ring)
HPRegen 0.29/turn    (no ring)
MPRegen 0.14/turn

%: no passive effects
@: ice-armoured, glowing
A: no striking features
a: Renounce Religion, Draw Escape, Draw Destruction, Draw Summoning


You were on level 6 of the Dungeon.
You worshipped Nemelex Xobeh.
Nemelex Xobeh was noncommittal.
You visited 2 branches of the dungeon, and saw 7 of its levels.

You collected 251 gold pieces.

Inventory:

Hand Weapons
 a - a +0 long sword of electrocution (weapon)
 c - a +0 dagger
 q - a +0 short sword
Missiles
 f - 3 boomerangs
 s - 6 javelins
 z - a throwing net
Armour
 i - a +0 leather armour (worn)
 o - an orb of light (worn)
 x - a +0 pair of gloves (worn)
Magical Staves
 m - a staff of air
Wands
 y - a wand of quicksilver (5)
 A - a wand of polymorph (13)
Scrolls
 j - a scroll of fog
 l - a scroll of teleportation
 n - a scroll of noise {unknown}
 t - a scroll of poison {unknown}
 u - 2 scrolls of identify {unknown}
Potions
 b - 3 potions of magic
 d - a potion of attraction
 e - a potion of haste {unknown}
 g - a potion of berserk rage {unknown}
 h - a potion of invisibility {unknown}
 k - a potion of lignification {unknown}
 p - 2 potions of enlightenment {unknown}
 r - a potion of degeneration {unknown}
 v - a potion of mutation {unknown}
 w - a potion of might {unknown}


   Skills:
 - Level 2.0 Fighting
 + Level 1.5 Short Blades
 - Level 1.0 Throwing
 - Level 2.0 Armour
 - Level 2.0 Dodging
 - Level 2.0 Stealth
 + Level 4.1 Spellcasting
 * Level 7.2 Ice Magic
 + Level 0.8 Air Magic
 + Level 1.0 Invocations
 + Level 0.9 Evocations


You had 8 spell levels left.
You knew the following spells:

 Your Spells              Type           Power      Damage    Failure   Level
a - Freeze                Ice            100%       1d10      1%          1
b - Ozocubu's Armour      Ice            31%        N/A       3%          3
c - Frozen Ramparts       Ice            62%        1d10      3%          3

Your spell library contained the following spells:

 Spells                   Type           Power      Damage    Failure   Level
 Summon Ice Beast         Ice/Summ       17%        N/A       41%         4
 Manifold Assault         Tloc           3%         N/A       88%         4
 Dispersal                Tloc           1%         N/A       100%        6
 Disjunction              Tloc           1%         N/A       100%        8


Dungeon Overview and Level Annotations

Branches:
Dungeon (6/15)             Temple (1/1) D:5

Altars:
Ashenzari
Cheibriados
Dithmenos
Elyvilon
Fedhas
Hepliaklqana
Kikubaaqudgha
Makhleb
Nemelex Xobeh
Okawaru
Qazlal
Ru
Sif Muna
Trog
Uskayaw
Vehumet
Wu Jian
Xom
Yredelemnul
The Shining One


Message History

The wall freezes the shadow imp.
The shadow imp gestures at you. Pain shoots through your body!
You barely miss the shadow imp.
The shadow imp is severely wounded.
The shadow imp completely resists.
The wall freezes the shadow imp but does no damage.
The shadow imp gestures at you. Pain shoots through your body!
The ogre closely misses you.
You slash the shadow imp!
You kill the shadow imp!
The ogre barely misses you.
Casting: Frozen Ramparts (dangerous; 3% risk of failure)
Confirm with . or Enter, or press ? or * to list all spells.
Aiming: Freeze (safe; 1% risk of failure)
Press: ? - help, Shift-Dir - straight line, f - ogre
Aim: an ogre, wielding a +0 giant club (lightly wounded, haloed)
You freeze the ogre.
The ogre is moderately wounded.
The frozen ramparts melt away.
Casting: Freeze (safe; 1% risk of failure)
Confirm with . or Enter, or press ? or * to list all spells.
Aiming: Freeze (safe; 1% risk of failure)
Press: ? - help, Shift-Dir - straight line, f/p - ogre
Aim: an ogre, wielding a +0 giant club (moderately wounded, haloed)
You freeze the ogre!
The ogre is severely wounded.
The ogre hits you with a +0 giant club!!
Ouch! That really hurt!
* * * LOW HITPOINT WARNING * * *
Casting: Freeze (safe; 1% risk of failure)
Confirm with . or Enter, or press ? or * to list all spells.
Aiming: Freeze (safe; 1% risk of failure)
Press: ? - help, Shift-Dir - straight line, f/p - ogre
Aim: an ogre, wielding a +0 giant club (severely wounded, haloed)
You freeze the ogre.
The ogre is almost dead.
The ogre hits you with a +0 giant club!
You die...
Your body disappears without additional glow.

##....... #.......
###.......
#####.........#
..............#
.............## . #...O.#
....## ..
##..(.@###....##
...###.......[#.....###
............<.........###
...............).†.......
#........#...............
#........##..............
#.........#......<.......
.......).................
...###....#..............


You could see an ogre.

Vanquished Creatures
  Sigmund (D:2)
  A black bear (D:4)
  A phantom (D:2)
  A bullfrog (D:6)
  2 scorpions (D:4)
  2 hounds
  An iguana (D:5)
  An orc wizard (D:4)
  10 adders
  A shadow imp (D:6)
  3 white imps (D:5)
  A worm (D:3)
  2 dart slugs
  5 orcs
  5 endoplasms
  2 giant cockroaches
  6 goblins
  6 hobgoblins
  2 jackals (D:5)
  4 kobolds
  4 quokkas
  8 ball pythons
  3 bats
  6 frilled lizards
  5 rats
83 creatures vanquished.

Notes
Turn   | Place    | Note
-------+----------+-------------------------------------------
     0 | D:1      | Lobster4 the Human Ice Elementalist began the quest for the
                  | Orb.
     0 | D:1      | Reached XP level 1. HP: 13/13 MP: 3/3
   160 | D:1      | Reached XP level 2. HP: 20/20 MP: 1/5
   965 | D:2      | Reached XP level 3. HP: 25/25 MP: 6/6
   990 | D:2      | Reached skill level 1 in Fighting
   990 | D:2      | Reached skill level 1 in Armour
  1113 | D:2      | Found a faded altar of an unknown god.
  1448 | D:2      | Noticed Sigmund
  1489 | D:3      | Reached XP level 4. HP: 28/32 MP: 4/7
  1669 | D:3      | Noticed a phantom
  1878 | D:2      | Killed a phantom
  1879 | D:2      | Reached skill level 5 in Ice Magic
  1879 | D:2      | Reached XP level 5. HP: 38/38 MP: 5/9
  1886 | D:2      | Learned a level 3 spell: Frozen Ramparts
  1890 | D:2      | Learned a level 3 spell: Ozocubu's Armour
  2125 | D:2      | Killed Sigmund
  2126 | D:2      | Reached skill level 6 in Ice Magic
  2126 | D:2      | Reached XP level 6. HP: 35/44 MP: 2/10
  2844 | D:4      | Found an ornate altar of the Wu Jian Council.
  3007 | D:4      | Noticed a black bear
  3016 | D:4      | Killed a black bear
  3017 | D:4      | Reached XP level 7. HP: 44/50 MP: 3/12
  3649 | D:4      | Reached skill level 7 in Ice Magic
  3730 | D:4      | Reached skill level 1 in Throwing
  3848 | D:5      | Entered Level 5 of the Dungeon
  3873 | D:5      | Found a staircase to the Ecumenical Temple.
  3882 | Temple   | Entered the Ecumenical Temple
  3893 | Temple   | Became a worshipper of Nemelex Xobeh the Trickster
  4073 | D:5      | HP: 1/50 [white imp/puff of frost (4)]
  4297 | D:5      | Reached skill level 1 in Short Blades
  4750 | D:5      | Reached XP level 8. HP: 43/56 MP: 10/14
  4888 | D:6      | Reached skill level 1 in Invocations
  5002 | D:6      | Slain by an ogre

Illustrated notes

Levels and vault maps discovered:
D:1:      minmay_arrival_split_and_join, layout_basic
D:2:      layout_basic, hellmonk_ecumenical_altar_slurped_away, uniq_sigmund
D:3:      layout_rooms, minmay_misc_feat_five, patterned_corridor
D:4:      layout_basic, mainiacjoe_overflow_cross_hatched
D:5:      layout_rooms, minmay_temple_entry_antechambers
D:6:      layout_layer_cave
Temple:   nicolae_temple_bog_church

Skill      XL: |  1  2  3  4  5  6  7  8 |
---------------+-------------------------+-----
Fighting       | 1 2 |  2.0
Armour         | 1 2 |  2.0
Ice Magic      | 5 6 7 |  7.2
Spellcasting   | 3 4 |  4.1
Throwing       | 1 |  1.0
Short Blades   | 1 |  1.5
Invocations    | 1 |  1.0
Dodging        | |  2.0
Stealth        | |  2.0
Air Magic      | |  0.8
Evocations     | |  0.9

Action                     |  1- 3 |  4- 6 |  7- 9 || total
---------------------------+-------+-------+-------++-------
  Melee: Dagger            |    58 |       |       ||    58
         Short sword       |       |    57 |    75 ||   132
         Long sword        |       |       |    12 ||    12
   Cast: Freeze            |    28 |    37 |    28 ||    93
         Frozen Ramparts   |       |     2 |     7 ||     9
         Ozocubu's Armour  |       |     1 |    13 ||    14
    Use: Potion            |       |     4 |     1 ||     5
         Scroll            |       |     2 |     1 ||     3
   Stab: Sleeping          |     4 |       |       ||     4
 Armour: Robe              |    44 |    38 |       ||    82
         Leather armour    |       |     6 |    93 ||    99
  Dodge: Dodged            |    45 |    50 |    50 ||   145

Table legend: (Time is in decaauts)
 A = Elapsed time spent in this place.
 B = Non-inter-level travel time spent in this place.
 C = Inter-level travel time spent in this place.
 D = Time resting spent in this place.
 E = Time spent auto-exploring this place.
 F = Levels seen in this place.
 G = Mean time per level.
                   A        B        C        D        E       F      G
               +--------+--------+--------+--------+--------+-----+--------+
         Total |   5007 |   4725 |    282 |    817 |   2776 |   7 |  715.3 |
       Dungeon |   4855 |   4583 |    272 |    690 |   2776 |   6 |  809.2 |
        Temple |    152 |    142 |     10 |    127 |      0 |   1 |  152.0 |
               +--------+--------+--------+--------+--------+-----+--------+

Top non-repeatable levels by time:
     D:4: 1121 daAuts
     D:2: 1117 daAuts
     D:1: 933 daAuts
     D:3: 794 daAuts
     D:5: 761 daAuts
  Temple: 152 daAuts
     D:6: 126 daAuts
